3150 views
Uploaded 2020-03-19 11:32:12
Game version 1.32.2
10:54 long 2on2 ladder game on (4)Avalanche_LV
Saved by SpaceCptNav
3150 views
Uploaded 2020-03-19 11:32:12
Game version 1.32.2
10:54 long 2on2 ladder game on (4)Avalanche_LV


45 units @ 5.6k
/ 0.5k
21 buildings @ 3.5k
/ 1k


| Healing Salve | 2 | 200 |
| Scroll of Speed | 1 | 50 |
| Lesser Clarity Potion | 1 | 70 |
| Scroll of Town Portal | 1 | 350 |
| total: | 5 | 670g |
| Peon | 8 | 600 | / | 0 |
| Grunt | 6 | 1200 | / | 0 |
| Raider | 3 | 540 | / | 120 |
| total: | 17 | 2340g | / | 120w |
| Altar of Storms | 1 | 180 | / | 50 |
| Orc Burrow | 5 | 800 | / | 200 |
| Barracks | 1 | 180 | / | 50 |
| Voodoo Lounge | 1 | 130 | / | 30 |
| War Mill | 1 | 205 | / | 0 |
| Beastiary | 2 | 290 | / | 280 |
| Stronghold | 1 | 315 | / | 190 |
| Fortress | 2 | 650 | / | 380 |
| total: | 11 | 1785g | / | 610w |
| 0:03 | Peon |
| 0:03 | Peon |
| 0:06 | Altar of Storms |
| 0:08 | Orc Burrow |
| 0:26 | Barracks |
| 0:36 | Peon |
| 0:36 | Peon |
| 0:44 | Peon |
| 1:04 | Peon |
| 1:29 | Orc Burrow |
| 1:33 | Grunt |
| 1:33 | Grunt |
| 1:47 | Peon |
| 1:58 | Voodoo Lounge |
| 2:02 | Peon |
| 2:08 | War Stomp |
| 2:23 | Grunt |
| 2:40 | Grunt |
| 2:53 | Stronghold |
| 3:11 | Grunt |
| 3:23 | Endurance Aura |
| 3:30 | Healing Salve |
| 3:30 | Healing Salve |
| 3:30 | Scroll of Speed |
| 3:30 | Lesser Clarity Potion |
| 3:40 | Orc Burrow |
| 4:25 | Grunt |
| 5:19 | Beastiary |
| 5:21 | Beastiary |
| 5:26 | Cluster Rockets |
| 5:31 | War Mill |
| 5:50 | War Stomp |
| 6:03 | Orc Burrow |
| 6:06 | Berserker Strength |
| 6:24 | Pillage |
| 7:17 | Ensnare |
| 7:17 | Raider |
| 7:49 | Raider |
| 8:14 | Engineering Upgrade |
| 8:24 | Raider |
| 8:29 | Steel Melee Weapons |
| 8:29 | Steel Armor |
| 8:53 | Scroll of Town Portal |
| 9:43 | Fortress |
| 10:03 | Thorium Melee Weapons |
| 10:06 | Orc Burrow |
| Select group | 2704 |
| Right click | 1002 |
| Select | 187 |
| Assign group | 171 |
| Chat | 158 |
| Build/train/purchase | 68 |
| Use ability | 21 |
| Misc. action | 18 |
| Minimap ping | 4 |
| Item give/drop | 3 |
| Esc | 1 |


| Healing Salve | 1 | 100 |
| Lesser Clarity Potion | 1 | 70 |
| Scroll of Speed | 1 | 50 |
| Potion of Mana | 2 | 400 |
| Scroll of Town Portal | 2 | 700 |
| total: | 7 | 1320g |
| Peon | 10 | 750 | / | 0 |
| Troll Headhunter | 18 | 2520 | / | 360 |
| total: | 28 | 3270g | / | 360w |
| Altar of Storms | 1 | 180 | / | 50 |
| Orc Burrow | 4 | 640 | / | 160 |
| Barracks | 3 | 540 | / | 150 |
| War Mill | 1 | 205 | / | 0 |
| Voodoo Lounge | 1 | 130 | / | 30 |
| Stronghold | 2 | 630 | / | 380 |
| Fortress | 2 | 650 | / | 380 |
| total: | 10 | 1695g | / | 390w |
| 0:02 | Altar of Storms |
| 0:03 | Peon |
| 0:03 | Peon |
| 0:20 | Orc Burrow |
| 0:23 | Peon |
| 0:38 | Peon |
| 0:51 | Peon |
| 1:04 | Barracks |
| 1:11 | War Mill |
| 1:19 | Peon |
| 1:19 | Peon |
| 1:32 | Peon |
| 1:42 | Peon |
| 1:46 | Orc Burrow |
| 2:07 | Peon |
| 2:15 | Endurance Aura |
| 2:23 | Troll Headhunter |
| 2:24 | Troll Headhunter |
| 2:24 | Troll Headhunter |
| 2:28 | Barracks |
| 2:32 | Barracks |
| 2:35 | Voodoo Lounge |
| 2:53 | Troll Headhunter |
| 3:19 | Troll Headhunter |
| 3:32 | Stronghold |
| 3:50 | Troll Headhunter |
| 3:50 | Troll Headhunter |
| 4:12 | Troll Headhunter |
| 4:19 | Orc Burrow |
| 4:26 | Troll Headhunter |
| 4:26 | Troll Headhunter |
| 4:38 | Steel Ranged Weapons |
| 4:49 | War Stomp |
| 5:09 | Steel Armor |
| 5:39 | Troll Headhunter |
| 5:57 | Cluster Rockets |
| 6:06 | Reinforced Defenses |
| 7:10 | Troll Headhunter |
| 7:10 | Troll Headhunter |
| 7:27 | Fortress |
| 7:40 | Troll Headhunter |
| 8:13 | War Stomp |
| 8:36 | Troll Headhunter |
| 8:38 | Orc Burrow |
| 8:41 | Healing Salve |
| 8:41 | Scroll of Town Portal |
| 8:45 | Lesser Clarity Potion |
| 8:52 | Scroll of Town Portal |
| 8:52 | Scroll of Speed |
| 9:01 | Potion of Mana |
| 9:01 | Potion of Mana |
| 9:40 | Troll Regeneration |
| 9:41 | Troll Headhunter |
| 9:48 | Berserker Upgrade |
| 10:05 | Troll Headhunter |
| 10:07 | Troll Headhunter |
| 10:08 | Thorium Ranged Weapons |
| Select group | 1018 |
| Right click | 849 |
| Chat | 291 |
| Select | 288 |
| Build/train/purchase | 84 |
| Misc. action | 55 |
| Assign group | 27 |
| Use ability | 14 |
| Esc | 9 |
| Minimap ping | 3 |
| Item give/drop | 1 |
| Remove unit | 1 |
44 units @ 6.8k
/ 0.7k
24 buildings @ 3.1k
/ 1k

| Rod of Necromancy | 1 | 150 |
| total: | 1 | 150g |
| Acolyte | 2 | 150 | / | 0 |
| Ghoul | 2 | 240 | / | 0 |
| Crypt Fiend | 17 | 3655 | / | 680 |
| total: | 21 | 4045g | / | 680w |
| Crypt | 1 | 200 | / | 50 |
| Graveyard | 1 | 215 | / | 0 |
| Ziggurat | 4 | 600 | / | 200 |
| Altar of Darkness | 1 | 180 | / | 50 |
| Tomb of Relics | 1 | 130 | / | 30 |
| Halls of the Dead | 1 | 320 | / | 210 |
| total: | 8 | 1325g | / | 330w |
| 0:06 | Crypt |
| 0:12 | Graveyard |
| 0:14 | Acolyte |
| 0:19 | Acolyte |
| 0:42 | Ziggurat |
| 1:05 | Altar of Darkness |
| 1:13 | Ghoul |
| 1:25 | Ghoul |
| 1:41 | Ziggurat |
| 2:01 | Crypt Fiend |
| 2:15 | Tomb of Relics |
| 2:33 | Ziggurat |
| 3:04 | Creature Attack |
| 3:08 | Death Coil |
| 3:16 | Crypt Fiend |
| 3:34 | Crypt Fiend |
| 3:54 | Rod of Necromancy |
| 4:25 | Crypt Fiend |
| 4:29 | Creature Carapace |
| 4:38 | Ziggurat |
| 5:03 | Crypt Fiend |
| 5:16 | Unholy Aura |
| 5:31 | Crypt Fiend |
| 5:46 | Crypt Fiend |
| 7:39 | Crypt Fiend |
| 7:39 | Crypt Fiend |
| 7:39 | Crypt Fiend |
| 7:39 | Crypt Fiend |
| 8:26 | Halls of the Dead |
| 8:58 | Crypt Fiend |
| 8:58 | Crypt Fiend |
| 9:22 | Crypt Fiend |
| 9:22 | Crypt Fiend |
| 9:54 | Crypt Fiend |
| 9:55 | Crypt Fiend |
| Right click | 676 |
| Select group | 203 |
| Select | 108 |
| Misc. action | 63 |
| Build/train/purchase | 41 |
| Assign group | 15 |
| Use ability | 10 |
| Esc | 2 |


| Scroll of Regeneration | 2 | 200 |
| Lesser Clarity Potion | 2 | 140 |
| Rod of Necromancy | 1 | 150 |
| total: | 5 | 490g |
| Peasant | 6 | 450 | / | 0 |
| Footman | 15 | 2025 | / | 0 |
| Priest | 2 | 270 | / | 20 |
| total: | 23 | 2745g | / | 20w |
| Scout Tower | 1 | 30 | / | 20 |
| Arcane Tower | 1 | 70 | / | 50 |
| Barracks | 1 | 160 | / | 60 |
| Altar of Kings | 1 | 180 | / | 50 |
| Farm | 7 | 560 | / | 140 |
| Arcane Vault | 1 | 130 | / | 30 |
| Lumber Mill | 2 | 240 | / | 0 |
| Blacksmith | 1 | 140 | / | 60 |
| Arcane Sanctum | 1 | 150 | / | 140 |
| Gryphon Aviary | 1 | 140 | / | 150 |
| Keep | 1 | 320 | / | 210 |
| Castle | 1 | 360 | / | 210 |
| total: | 16 | 1730g | / | 650w |
| 0:05 | Peasant |
| 0:05 | Peasant |
| 0:11 | Barracks |
| 0:18 | Altar of Kings |
| 0:30 | Peasant |
| 0:32 | Farm |
| 0:37 | Farm |
| 0:50 | Peasant |
| 1:06 | Peasant |
| 1:14 | Footman |
| 1:18 | Peasant |
| 1:48 | Scout Tower |
| 1:51 | Footman |
| 1:56 | Farm |
| 2:10 | Arcane Vault |
| 2:15 | Arcane Tower |
| 2:17 | Footman |
| 2:19 | Summon Water Elemental |
| 2:43 | Footman |
| 2:56 | Footman |
| 3:26 | Brilliance Aura |
| 3:28 | Keep |
| 3:30 | Footman |
| 4:16 | Footman |
| 4:18 | Farm |
| 4:34 | Lumber Mill |
| 4:37 | Blacksmith |
| 4:54 | Defend |
| 5:17 | Summon Water Elemental |
| 5:31 | Footman |
| 5:41 | Farm |
| 5:52 | Scroll of Regeneration |
| 5:53 | Lesser Clarity Potion |
| 6:03 | Iron Forged Swords |
| 6:09 | Footman |
| 7:03 | Storm Bolt |
| 7:54 | Footman |
| 7:54 | Footman |
| 8:49 | Lumber Mill |
| 8:51 | Arcane Sanctum |
| 8:55 | Steel Forged Swords |
| 9:04 | Gryphon Aviary |
| 9:06 | Castle |
| 9:08 | Footman |
| 9:09 | Footman |
| 9:09 | Footman |
| 9:21 | Scroll of Regeneration |
| 9:21 | Lesser Clarity Potion |
| 9:43 | Footman |
| 9:59 | Rod of Necromancy |
| 10:08 | Priest |
| 10:08 | Priest |
| 10:09 | Farm |
| 10:18 | Farm |
| Right click | 670 |
| Select | 228 |
| Select group | 128 |
| Build/train/purchase | 58 |
| Assign group | 31 |
| Misc. action | 9 |
| Use ability | 7 |
| Item give/drop | 2 |
| Minimap ping | 1 |
⇛